Map: Prion Terraces

Players

NoPinSea (Probe)

  • Race: Protoss Protoss
  • League: Master

PiG - Winner!

  • Race: Zerg Zerg
  • League: Grandmaster

Event: 2016 WCS Winter Challenger Oceania SEA

VOD

Have the link to the VOD?

Description

Time

  • Played on: Feb. 13, 2016, 8:19 p.m.
  • Length: 12:53

All games in this series

Show
View Real Time Build Order
Export as new Build Order

NoPinSea Protoss 

Build Orders: 1 Gate Expand 

Get SALT Encoding   

  12  0:00  Probe (Chrono Boost)  
  13  0:11  Probe (Chrono Boost)  
  14  0:17  Pylon  
  14  0:22  Probe (Chrono Boost)  
  15  0:36  Probe (Chrono Boost), Gateway  
  16  0:46  Probe (Chrono Boost)  
  17  0:52  Assimilator  
  18  0:57  Probe (Chrono Boost)  
  18  1:07  Probe (Chrono Boost)  
  19  1:19  Nexus  
  19  1:23  Probe (Chrono Boost)  
  20  1:32  Cybernetics Core  
  20  1:38  Probe (Chrono Boost)  
  21  1:46  Pylon  
  21  1:48  Probe (Chrono Boost)  
  22  1:59  Probe (Chrono Boost)  
  23  2:08  Stalker (Chrono Boost)  
  25  2:11  Warp Gate (Chrono Boost)  
  25  2:12  Probe  
  26  2:28  Probe (Chrono Boost)  
  27  2:34  Probe (Chrono Boost)  
  27  2:36  Adept (Chrono Boost)  
  30  2:40  Probe (Chrono Boost)  
  31  2:45  Probe (Chrono Boost)  
  32  2:54  Gateway  
  32  2:55  Gateway  
  32  2:57  Pylon  
  32  3:03  Gateway  
  32  3:05  Gateway  
  32  3:10  Gateway  
  32  3:13  Gateway  
  32  3:19  Gateway  
  32  3:26  Probe x2  
  34  3:29  Adept  
  36  3:39  Probe x2  
  38  3:51  Probe x2  
  40  4:05  Pylon x2  
  40  4:08  Stalker x3  
  40  4:09  Stalker x2  
  50  4:11  Zealot  
  50  4:16  Zealot  
  54  4:19  Pylon  
  54  4:27  Zealot  
  54  4:29  Adept  
  54  4:33  Zealot x4  
  62  4:41  Adept x2  
  66  4:52  Adept x2  
  66  4:58  Zealot  
  66  4:59  Zealot x3  
  66  5:13  Stalker  
  66  5:14  Zealot x3  
  66  5:22  Zealot x2  
  66  5:23  Zealot x2  
  74  5:34  Pylon  
  72  5:37  Pylon, Stalker  
  72  5:38  Zealot  
  68  5:44  Probe  
  68  5:45  Probe  
  68  5:47  Assimilator  
  68  5:49  Assimilator x2  
  68  5:57  Probe  
  61  6:03  Mothership Core  
  57  6:11  Zealot x3  
  57  6:12  Zealot x2  
  67  6:19  Probe  
  67  6:24  Probe  
  69  6:27  Adept x3  
  69  6:31  Probe  
  76  6:36  Probe  
  77  6:41  Stargate  
  77  6:53  Zealot x5  
  71  7:13  Stargate  
  61  7:26  Void Ray (Chrono Boost)  
  61  7:29  Sentry x2  
  67  7:35  Adept x5  
  65  7:37  Probe x2  
  65  7:43  Pylon  
  65  7:45  Pylon  
  65  7:50  Sentry  
  67  7:58  Void Ray (Chrono Boost)  
  71  8:14  Void Ray (Chrono Boost)  
  75  8:23  Nexus  
  75  8:24  Pylon  
  65  8:36  Pylon, Void Ray (Chrono Boost)  
  65  8:40  Pylon  
  69  8:42  Twilight Council  
  68  8:52  Zealot x6  
  68  8:54  Probe  
  81  9:01  Oracle (Chrono Boost)  
  84  9:14  Void Ray (Chrono Boost)  
  88  9:26  Charge (Chrono Boost)  
  88  9:28  Probe x2  
  90  9:39  Zealot x3  
  90  9:40  Probe  
  97  9:50  Probe  
  97  9:51  Probe  
  99  9:53  Probe, Assimilator  
  100  10:03  Void Ray  
  100  10:06  Sentry x2  
  108  10:14  Templar Archives  
  108  10:17  Zealot x2  
  112  10:26  Zealot  
  112  10:27  Zealot  
  116  10:35  Zealot x3  
  122  10:39  Sentry  
  124  10:43  Oracle  
  124  10:47  Sentry  
  124  10:49  Zealot  
  131  10:50  Psionic Storm  
  131  10:53  Pylon  
  131  11:00  Zealot  
  131  11:02  Archon  
  131  11:03  Archon  
  133  11:06  Assimilator  
  133  11:20  High Templar x2  
  137  11:27  Nexus  
  137  11:41  Zealot x2  
  141  11:47  Pylon  
  141  11:50  Pylon  
  141  11:52  Pylon  
  135  12:02  Zealot  
  135  12:03  High Templar  
  135  12:04  High Templar  
  141  12:11  Archon  
  135  12:17  Archon  
  123  12:27  Zealot  
  123  12:28  Zealot x4  
Show
View Real Time Build Order
Export as new Build Order

PiG Zerg - Winner!

Build Orders: Hatch First, Lurkers 

Get SALT Encoding   

  12  0:01  Drone  
  13  0:12  Overlord  
  13  0:17  Drone  
  14  0:30  Drone x2  
  14  0:34  Drone  
  17  0:44  Drone  
  18  0:55  Hatchery  
  17  0:58  Drone  
  18  1:12  Extractor  
  18  1:13  Spawning Pool, Drone  
  18  1:17  Drone  
  18  1:28  Drone  
  19  1:39  Overlord  
  19  1:48  Hatchery  
  18  1:54  Drone  
  18  2:00  Queen  
  21  2:15  Metabolic Boost  
  21  2:19  Zergling x2  
  21  2:22  Drone x2  
  24  2:25  Drone  
  25  2:31  Drone x2  
  27  2:37  Queen  
  29  2:48  Drone x2  
  29  2:49  Overlord  
  31  2:51  Overlord  
  31  3:03  Drone  
  32  3:06  Zergling x4  
  32  3:09  Drone  
  32  3:10  Drone, Queen  
  32  3:11  Drone x2  
  32  3:12  Drone  
  41  3:21  Overlord  
  41  3:28  Drone x3  
  41  3:31  Overlord  
  41  3:32  Drone  
  41  3:34  Queen  
  45  3:36  Overlord  
  47  3:44  Overlord x2  
  47  3:51  Zergling x6  
  47  3:52  Drone x3  
  53  3:58  Drone  
  53  3:59  Extractor  
  53  4:01  Drone  
  53  4:02  Drone, Extractor  
  54  4:04  Zergling x2  
  54  4:08  Zergling x2  
  55  4:12  Zergling x6  
  55  4:13  Lair  
  55  4:14  Zergling x2  
  59  4:17  Drone  
  59  4:20  Extractor  
  59  4:21  Roach Warren  
  58  4:27  Overlord  
  57  4:33  Zergling x12  
  61  4:42  Spine Crawler  
  61  4:43  Spine Crawler  
  56  4:46  Zergling x12  
  57  4:53  Zergling x4  
  55  5:02  Roach x5  
  62  5:13  Roach x5  
  70  5:15  Roach  
  66  5:23  Roach x2  
  69  5:28  Zergling x4  
  66  5:36  Roach x4  
  66  5:40  Zergling x6  
  74  5:45  Roach  
  74  5:46  Roach x2  
  79  5:54  Zergling x4  
  80  6:01  Glial Reconstitution  
  79  6:08  Drone x2  
  81  6:19  Drone x8  
  81  6:24  Roach  
  90  6:27  Overseer  
  90  6:35  Overlord x2  
  90  6:40  Zergling x14  
  90  6:45  Zergling x2  
  98  6:54  Zergling x6, Spore Crawler  
  100  7:09  Drone x2  
  99  7:29  Drone x3  
  96  7:30  Hatchery  
  96  7:32  Hatchery  
  92  7:39  Hydralisk Den  
  92  7:42  Overlord x2  
  92  7:43  Extractor  
  91  7:44  Drone x3, Evolution Chamber  
  92  7:59  Drone x5  
  92  8:00  Drone x2  
  99  8:19  Muscular Augments  
  98  8:23  Drone x6  
  101  8:27  Drone  
  101  8:30  Drone  
  101  8:35  Drone  
  102  8:42  Drone x2  
  102  8:47  Zerg Missile Weapons Level 1  
  104  8:51  Extractor  
  104  8:52  Drone x3  
  104  8:53  Drone x2  
  104  8:54  Drone x2  
  104  8:55  Drone  
  111  8:57  Queen  
  111  9:01  Queen  
  114  9:12  Overlord  
  114  9:13  Overlord x3  
  114  9:16  Drone x3, Extractor  
  116  9:21  Overlord x3  
  116  9:23  Drone x4  
  120  9:28  Hydralisk x2  
  120  9:29  Hydralisk  
  126  9:31  Lurker Den  
  126  9:34  Drone  
  126  9:35  Drone x2  
  129  9:48  Hatchery  
  129  9:52  Hydralisk x3  
  128  9:57  Hydralisk x5  
  146  10:15  Hatchery  
  146  10:18  Hydralisk x7  
  157  10:22  Hydralisk  
  156  10:35  Hydralisk x5  
  156  10:40  Overlord x2  
  166  10:52  Baneling Nest  
  166  10:55  Pneumatized Carapace  
  165  10:58  Zergling x4  
  165  10:59  Zergling x8  
  165  11:00  Zergling x4  
  173  11:12  Drone x5  
  173  11:13  Drone  
  173  11:14  Drone x3  
  173  11:15  Drone  
  183  11:22  Ravager x4  
  183  11:25  Ravager x2  
  189  11:28  Lurker x6  
  189  11:29  Lurker  
  189  11:30  Lurker  
  189  11:32  Lurker x2  
  199  11:42  Spore Crawler  
  199  11:43  Extractor x2  
  199  11:45  Spine Crawler  
  192  12:03  Hydralisk x4  
  195  12:20  Hydralisk x4  
Tags
 
Add a new tag
Caveats
  • Supply blocks, unpowered buildings, or Contaminate may cause inaccurate times.
  • Supply counts are checked every 10 seconds.